 Dungeon Crawl Stone Soup version 0.30.0 (webtiles) character file.

Game seed: 8492664344237455074

257 backslashecho the Magician (level 5, -1/35 HPs)
             Began as a Demonspawn Earth Elementalist on May 5, 2023.
             Was an Initiate of Sif Muna.
             Slain by an ice beast (3 damage)
             ... on level 5 of the Dungeon.
             The game lasted 00:15:03 (2332 turns).

backslashecho the Magician (DsEE)                   Turns: 2332, Time: 00:15:03

Health: -1/35      AC:  5    Str:  8    XL:     5   Next: 93%
Magic:  0/11       EV: 17    Int: 18    God:    Sif Muna [......]
Gold:   253        SH:  0    Dex: 14    Spells: 11/12 levels left

rFire   . . .        c - +1 dagger (spect)
rCold   . . .        (no shield)
rNeg    . . .        a - +0 robe
rPois   .            (no helmet)
rElec   .            i - +0 cloak
rCorr   .            (no gloves)
SInv    .            (no boots)
Will    .....        (no amulet)
Stlth   ++           h - +5 ring of evasion
HPRegen 0.25/turn    (no ring)
MPRegen 0.24/turn

%: guardian spirit
@: brilliant
A: yellow scales 1, magic shield, magic regeneration
a: Renounce Religion


You were on level 5 of the Dungeon.
You worshipped Sif Muna.
Sif Muna was noncommittal.
You visited 1 branch of the dungeon, and saw 6 of its levels.

You collected 253 gold pieces.

Inventory:

Hand Weapons
 c - a +1 spectral dagger (weapon)
Missiles
 r - 2 atropa-tipped darts (quivered)
Armour
 a - a +0 robe (worn)
 i - a +0 cloak (worn)
Jewellery
 h - a +5 ring of evasion (left hand)
Scrolls
 e - 3 scrolls of enchant weapon
 g - a scroll of noise {unknown}
 k - a scroll of blinking
 m - a scroll of vulnerability
 q - a scroll of amnesia {unknown}
Potions
 d - a potion of ambrosia {unknown}
 f - a potion of mutation {unknown}
 j - a potion of attraction
 l - a potion of brilliance
 n - a potion of degeneration {unknown}
 o - 3 potions of curing
 p - a potion of heal wounds {unknown}


   Skills:
 - Level 1.7 Dodging
 - Level 2.0 Stealth
 - Level 1.0 Unarmed Combat
 * Level 4.4 Spellcasting
 - Level 1.0 Transmutations
 + Level 3.9 Earth Magic
 + Level 1.9 Invocations


You had 11 spell levels left.
You knew the following spells:

 Your Spells              Type           Power      Damage    Failure   Level
a - Sandblast             Erth           54%        2d13      2%          1

Your spell library contained the following spells:

 Spells                   Type           Power      Damage    Failure   Level
 Passwall                 Tmut/Erth      15%        N/A       8%          2
 Stone Arrow              Conj/Erth      32%        3d9       19%         3
 Petrify                  Tmut/Erth      19%        N/A       45%         4


Dungeon Overview and Level Annotations

Branches:
Dungeon (6/15)
 Temple: D:4-7

Altars:
Sif Muna

Annotations:
D:2 1 runed translucent door, Crazy Yiuf
D:3 !phantom
D:6 3 runed translucent doors, exclusion: jelly, AccursedSamuel's ghost, novice GrMo


Innate Abilities, Weirdness & Mutations

You are partially covered in yellow scales. (AC +2)
When hurt, damage is shared between your health and your magic reserves.
You regenerate magic rapidly.


Message History

The ice beast completely misses you. The kobold hits you with a +0 whip.
You take 1 damage, and have 34/35 hp.
Casting: Sandblast (safe; 2% risk of failure)
Confirm with . or Enter, or press ? or * to list all spells.
Aiming: Sandblast (safe; 2% risk of failure)
Press: ? - help, Shift-Dir - straight line, f/p - ice beast
Aim: an ice beast (lightly wounded, 83% to hit)
Okay, then.
Casting: Sandblast (safe; 2% risk of failure)
Confirm with . or Enter, or press ? or * to list all spells.
Okay, then.
Unknown command.
Okay, then.
Unknown command.
Casting: Sandblast (safe; 2% risk of failure)
Confirm with . or Enter, or press ? or * to list all spells.
Aiming: Sandblast (safe; 2% risk of failure)
Press: ? - help, Shift-Dir - straight line, f/p - ice beast
Aim: an ice beast (lightly wounded, 83% to hit)
You feel a surge of power!
The blast of sand misses the ice beast.
The ice beast misses you. The kobold misses you. The ice beast hits you.
The ice beast freezes you! The kobold closely misses you.
You take 8 damage, and have 26/35 hp.
MASSIVE DAMAGE!!
You now have 5/11 mp.
Casting: Sandblast (safe; 2% risk of failure)
Confirm with . or Enter, or press ? or * to list all spells.
Aiming: Sandblast (safe; 2% risk of failure)
Press: ? - help, Shift-Dir - straight line, f/p - ice beast
Aim: an ice beast (lightly wounded, 83% to hit)
You feel a surge of power!
The blast of sand hits the ice beast!
The ice beast is heavily wounded.
The ice beast hits you. The ice beast freezes you!
The kobold barely misses you.
You take 15 damage, and have 11/35 hp.
MASSIVE DAMAGE!!
You now have 2/11 mp.
Casting: Sandblast (safe; 2% risk of failure)
Confirm with . or Enter, or press ? or * to list all spells.
Aiming: Sandblast (safe; 2% risk of failure)
Press: ? - help, Shift-Dir - straight line, f/p - ice beast
Aim: an ice beast (heavily wounded, 83% to hit)
You feel a surge of power!
The blast of sand misses the ice beast.
The ice beast hits you.
* * * LOW HITPOINT WARNING * * *
The ice beast freezes you!
* * * LOW HITPOINT WARNING * * *
The kobold closely misses you.
The ice beast hits you but does no damage.
The kobold barely misses you.
You take 10 damage, and have 1/35 hp.
MASSIVE DAMAGE!!
You now have 0/11 mp.
Magic courses through your body. The ice beast hits you.
The ice beast freezes you!
You die...

##.....##
#.......###
#......~~≈ #
....[..#≈~ ~.
......! ≈~≈ #...#
.. #.#######.#
######.>..K....####
.........)Y@)......
.######..##########
#..## #...# #....
###... #.... #.....
#......


You could see an ice beast and a kobold.

Vanquished Creatures
  A howler monkey (D:1)
  A jelly (D:5)
  A hound (D:6)
  An orc wizard (D:6)
  A gnoll (D:1)
  4 adders
  A worm (D:2)
  A dart slug (D:1)
  An orc (D:6)
  8 ball pythons
  7 bats
  3 endoplasms
  4 giant cockroaches
  7 hobgoblins
  6 jackals
  7 kobolds
  4 quokkas (D:1)
  10 frilled lizards
  10 goblins
  6 rats
84 creatures vanquished.

Notes
Turn   | Place    | Note
-------+----------+-------------------------------------------
     0 | D:1      | backslashecho the Demonspawn Earth Elementalist began the
                  | quest for the Orb.
     0 | D:1      | Reached XP level 1. HP: 13/13 MP: 3/3
    79 | D:1      | Reached skill level 1 in Transmutations
    79 | D:1      | Gained mutation: You are partially covered in yellow
                  | scales. (AC +2) [demonic ancestry]
    79 | D:1      | Reached XP level 2. HP: 19/19 MP: 1/5
   555 | D:1      | Gained mutation: You regenerate magic rapidly. [demonic
                  | ancestry]
   555 | D:1      | Reached XP level 3. HP: 24/24 MP: 2/7
   744 | D:1      | Reached skill level 3 in Spellcasting
   792 | D:1      | Reached skill level 1 in Unarmed Combat
   792 | D:1      | Gained mutation: When hurt, damage is shared between your
                  | health and your magic reserves. [demonic ancestry]
   792 | D:1      | Reached XP level 4. HP: 30/30 MP: 3/9
  1109 | D:2      | Found a shimmering blue altar of Sif Muna.
  1120 | D:2      | Became a worshipper of Sif Muna the Loreminder
  1266 | D:2      | Found a runed translucent door.
  1267 | D:2      | Noticed Crazy Yiuf
  1317 | D:3      | Reached XP level 5. HP: 30/35 MP: 7/10
  1395 | D:3      | Reached skill level 4 in Spellcasting
  1872 | D:3      | Reached skill level 1 in Invocations
  2044 | D:4      | Noticed a phantom
  2111 | D:4      | You fall into a shaft and drop 2 floors!
  2125 | D:6      | Identified the +1 scale mail of Zuveosch {-Tele Str+4
                  | Int+2}
  2157 | D:6      | Found a runed translucent gate.
  2158 | D:6      | Found a runed translucent gate.
  2161 | D:6      | Found a runed translucent gate.
  2164 | D:6      | Noticed a cyan ugly thing
  2166 | D:6      | Noticed AccursedSamuel's ghost (novice GrMo)
  2166 | D:6      | Noticed a black bear
  2175 | D:6      | Noticed a water moccasin
  2229 | D:6      | Noticed a steam dragon
  2311 | D:5      | Entered Level 5 of the Dungeon
  2314 | D:5      | Noticed an ice beast
  2318 | D:5      | Noticed a black bear
  2331 | D:5      | HP: 1/35 [ice beast (7)]
  2332 | D:5      | Slain by an ice beast

Illustrated notes

Levels and vault maps discovered:
D:1:      spicycebolla_arrival_transporter_tutorial, layout_rooms,
          minmay_hexomino_c4
D:2:      minmay_angry_zag, layout_rooms, basic_altar, minmay_circled_x,
          uniq_crazy_yiuf_cottage
D:3:      layout_loops_ring
D:4:      layout_basic, kennysheep_okawaru_gauntlet, serial_rivers,
          chequers_serial_rivers_small_3, chequers_serial_rivers_large_a,
          chequers_serial_rivers_large_b, chequers_serial_rivers_marsh,
          chequers_serial_rivers_micro_a, chequers_serial_rivers_micro_d,
          kennysheep_generic_room_16
D:5:      layout_rooms, minmay_temple_entry_tees, serial_rivers,
          chequers_serial_rivers_micro_b, chequers_serial_rivers_room_b,
          chequers_serial_rivers_small_a, chequers_serial_rivers_room_a,
          uniq_blork_the_orc, uniq_pikel, uniq_menkaure, uniq_grinder,
          uniq_duvessa
D:6:      layout_basic, yredelemnul_altar_generic, fiery_altar_vehumet,
          gammafunk_ghost_split, serial_shops, shop, uniq_eustachio

Skill      XL: |  1  2  3  4  5 |
---------------+----------------+-----
Stealth        | 2 |  2.0
Transmutations | 1 |  1.0
Earth Magic    | 3 |  3.9
Spellcasting   | 3 4 |  4.4
Unarmed Combat | 1 |  1.0
Invocations    | 1 |  1.9
Dodging        | |  1.7

Action                     |  1- 3 |  4- 6 || total
---------------------------+-------+-------++-------
  Melee: Unarmed           |     1 |       ||     1
         Mace              |     7 |       ||     7
         Dagger            |     1 |     7 ||     8
  Throw: Dart              |       |     1 ||     1
   Cast: Sandblast         |    57 |    67 ||   124
    Use: Scroll            |     9 |     3 ||    12
         Potion            |       |     2 ||     2
   Stab: Sleeping          |       |     2 ||     2
 Armour: Robe              |    13 |     8 ||    21
  Dodge: Dodged            |    26 |    41 ||    67
